 Dungeon Crawl Stone Soup version 0.30.1-3-gfc49f6343a (webtiles) character file.

Game seed: 6901075705807172741

479220 Draugr the Imperceptible (level 23, -24/114 HPs)
             Began as a Spriggan Earth Elementalist on July 20, 2023.
             Was the Champion of Vehumet.
             Killed from afar by a purple draconian (30 damage)
             ... with a bolt of dispelling energy
             ... on level 1 of the Realm of Zot on July 30, 2023.
             The game lasted 10:21:16 (81740 turns).

Draugr the Imperceptible (SpEE)                    Turns: 81740, Time: 10:21:17

Health: -24/114    AC: 10    Str:  4    XL:     23   Next: 38%
Magic:  42/47      EV: 30    Int: 30    God:    Vehumet [******]
Gold:   3182       SH:  9    Dex: 20    Spells: 3/60 levels left

rFire   . . .        s - +7 quick blade (flame)
rCold   + . .        F - +2 buckler {AC+3}
rNeg    + + .        P - +1 robe of Vines {NoPotionHeal Regen++++}
rPois   .            f - +1 hat "Cuppil" {Fly Will+ Regen+ Dex+2}
rElec   .            p - +2 cloak {rCorr}
rCorr   +            (gloves unavailable)
SInv    +            (boots unavailable)
Will    +++++        k - amulet of magic regeneration
Stlth   +++++++++    C - +5 ring of evasion
HPRegen 5.19/turn    d - ring "Hogij" {rC+ rN++ Int+5}
MPRegen 0.70/turn

%: no passive effects
@: lethally poisoned (-24 -> -27), flying, studying Unarmed Combat, very quick
A: very small, no large weapons, unfitting armour, see invisible, speed 3, horns
1, talons 1, regeneration 1, screaming 1
}: 3/15 runes: decaying, slimy, gossamer
a: Renounce Religion


You were on level 1 of the Realm of Zot.
You worshipped Vehumet.
Vehumet was exalted by your worship.
You visited 11 branches of the dungeon, and saw 48 of its levels.
You visited 2 bazaars.
You also visited: Gauntlet, Ice Cave, Volcano and Desolation.

You collected 9055 gold pieces.
You spent 5873 gold pieces at shops.

Inventory:

Hand Weapons
 a - a +6 dagger of electrocution
 s - a +7 quick blade of flaming (weapon)
Armour
 f - the +1 hat "Cuppil" (worn) {Fly Will+ Regen+ Dex+2}
   (You acquired it on level 1 of the Vaults)

   Dex:       It affects your dexterity (+2).
   Fly:       It grants you flight.
   Regen:     It increases your rate of health regeneration.
   Will:      It increases your willpower.
 p - a +2 cloak of preservation (worn)
 F - a +2 buckler of protection (worn)
 P - the +1 robe of Vines (worn) {NoPotionHeal Regen++++}
   (You bought it in a shop on level 2 of the Orcish Mines)

   NoPotionHeal: Its wearer cannot be healed by potions.
   Regen:     It increases your rate of health regeneration.
Jewellery
 d - the ring "Hogij" (right hand) {rC+ rN++ Int+5}
   (You acquired it on level 2 of the Depths)

   [ring of protection from cold]

   Int:       It affects your intelligence (+5).
   rC:        It protects you from cold.
   rN:        It greatly protects you from negative energy.
 e - the ring "Oczon" {Ice Int+5}
   (You found it on level 1 of the Vaults)

   [ring of ice]

   It enhances your ice magic.
   Int:       It affects your intelligence (+5).
   rF:        It makes you vulnerable to fire.
   rC:        It protects you from cold.
 g - the ring "Loex" {Fly Will+ Dex+2 Stlth-}
   (You took it off a deep elf death mage on level 3 of the Elven Halls)

   [ring of willpower]

   Dex:       It affects your dexterity (+2).
   Fly:       It grants you flight.
   Will:      It increases your willpower.
   Stlth:     It makes you less stealthy.
 k - an amulet of magic regeneration (around neck)
 o - the amulet "Otwil" {rN+ Regen+}
   (You took it off an orc high priest on level 2 of the Orcish Mines)

   [amulet of regeneration]

   rN:        It protects you from negative energy.
   Regen:     It increases your rate of health regeneration.
 q - a +6 ring of intelligence
 t - the ring of Psychosis {rC+ Slay+2}
   (You bought it in a shop on level 2 of the Orcish Mines)

   [ring of protection from cold]

   Slay:      It affects your accuracy & damage with ranged weapons and melee
   (+2).
   rC:        It protects you from cold.
 y - an amulet of reflection
 A - a ring of poison resistance
 C - a +5 ring of evasion (left hand)
 D - a ring of fire
 E - the ring "Ujofe" {rPois EV+5 Str+2}
   (You took it off a deep elf knight on level 3 of the Elven Halls)

   [ring of evasion]

   EV:        It affects your evasion (+5).
   Str:       It affects your strength (+2).
   rPois:     It protects you from poison.
 I - a ring of protection from fire
 J - a ring of protection from fire
 K - the ring of Byvvoek {rElec rF+ Slay+3}
   (You bought it in a shop on level 5 of the Dungeon)

   [ring of protection from fire]

   Slay:      It affects your accuracy & damage with ranged weapons and melee
   (+3).
   rF:        It protects you from fire.
   rElec:     It insulates you from electricity.
 S - the ring "Arrap" {Wiz Will+}
   (You found it on level 2 of the Vaults)

   [ring of wizardry]

   It improves your spell success rate.
   Will:      It increases your willpower.
 U - an amulet of the acrobat
Wands
 r - a wand of digging (26)
 H - a wand of polymorph (10)
Scrolls
 b - 4 scrolls of blinking
 i - 6 scrolls of immolation
 j - 6 scrolls of silence
 x - 6 scrolls of vulnerability
 z - 8 scrolls of poison
 B - 7 scrolls of amnesia
 O - 9 scrolls of teleportation
 Q - 2 scrolls of magic mapping
 V - 5 scrolls of fear
 W - 5 scrolls of fog
Potions
 c - 3 potions of magic
 m - 9 potions of might
 n - 13 potions of lignification
 u - 3 potions of resistance
 v - 6 potions of attraction
 w - 10 potions of ambrosia
 G - 6 potions of cancellation
 L - 12 potions of curing
 M - 3 potions of invisibility
 R - 12 potions of brilliance
 T - 2 potions of haste
 X - 5 potions of mutation
 Z - 9 potions of heal wounds
Miscellaneous
 Y - a phantom mirror


   Skills:
 - Level 9.3 Fighting
 - Level 11.0 Short Blades
 - Level 3.1 Armour
 - Level 11.0 Dodging
 - Level 24.0 Stealth
 - Level 10.7 Shields
 + Level 19.2 Spellcasting
 - Level 13.5 Conjurations
 - Level 8.7 Hexes
 - Level 7.0 Translocations
 - Level 16.0 Transmutations
 - Level 6.7 Fire Magic
 - Level 18.5 Earth Magic
 - Level 6.1 Evocations


You had 3 spell levels left.
You knew the following spells:

 Your Spells              Type           Power      Damage    Failure   Level
a - Sandblast             Erth           100%       2d20      0%          1
b - Stone Arrow           Conj/Erth      100%       3d13      0%          3
c - Petrify               Tmut/Erth      93%        N/A       0%          4
d - Iskenderun's Mystic   Conj/Tloc      74%        2d15      1%          4
e - Fulminant Prism       Conj/Hex       38%        3d17      1%          4
f - Lee's Rapid Deconstr  Erth           48%        3d23*     1%          5
g - Fireball              Conj/Fire      37%        3d15      1%          5
h - Iron Shot             Conj/Erth      45%        9d9       1%          6
i - Blink                 Tloc           100%       N/A       1%          2
j - Orb of Destruction    Conj           41%        9d11      1%          7
k - Yara's Violent Unrav  Hex/Tmut       40%        3d16      1%          5
l - Dazzling Flash        Conj/Hex       100%       N/A       1%          3
m - Lehudib's Crystal Sp  Conj/Erth      45%        10d11     5%          8

Your spell library contained the following spells:

 Spells                   Type           Power      Damage    Failure   Level
 Maxwell's Capacitive Co  Air            14%        ∞         100%        8
 Beastly Appendage        Tmut           100%       N/A       0%          1
 Passwall                 Tmut/Erth      77%        N/A       0%          2
 Searing Ray              Conj           100%       2d8       0%          2
 Wereblood                Tmut           90%        N/A       0%          2
 Apportation              Tloc           100%       N/A       1%          1
 Foxfire                  Conj/Fire      100%       2x1d9     1%          1
 Freeze                   Ice            100%       1d10      1%          1
 Necrotise                Necr           100%       1d9       1%          1
 Shock                    Conj/Air       100%       1d9       1%          1
 Sting                    Tmut/Pois      100%       1d8       1%          1
 Summon Small Mammal      Summ           100%       N/A       1%          1
 Ensorcelled Hibernation  Hex/Ice        100%       N/A       1%          2
 Lesser Beckoning         Tloc           100%       N/A       1%          2
 Momentum Strike          Conj/Tloc      100%       3d10      1%          2
 Static Discharge         Conj/Air       100%       2-7/arc   1%          2
 Frozen Ramparts          Ice            56%        1d9       1%          3
 Hailstorm                Conj/Ice       62%        3d13      1%          3
 Ignite Poison            Fire/Tmut/Pois 65%        N/A       1%          3
 Portal Projectile        Hex/Tloc       100%       N/A       1%          3
 Spider Form              Tmut/Pois      67%        N/A       1%          3
 Summon Guardian Golem    Hex/Summ       53%        N/A       1%          3
 Tukima's Dance           Hex            69%        N/A       1%          3
 Vhi's Electric Charge    Tloc/Air       98%        N/A       1%          3
 Cigotuvi's Dreadful Rot  Necr/Pois/Air  56%        N/A       3%          2
 Sublimation of Blood     Necr           28%        N/A       3%          2
 Call Canine Familiar     Summ           28%        N/A       6%          3
 Ozocubu's Armour         Ice            28%        N/A       6%          3
 Swiftness                Air            28%        N/A       6%          3
 Vampiric Draining        Necr           28%        2d8       6%          3
 Animate Armour           Summ/Erth      100%       N/A       1%          4
 Ice Form                 Ice/Tmut       67%        N/A       1%          4
 Leda's Liquefaction      Hex/Erth       42%        N/A       1%          4
 Passage of Golubria      Tloc           63%        N/A       1%          4
 Sticky Flame             Conj/Fire      74%        2d9       1%          4
 Arcjolt                  Conj/Air       31%        1d41      1%          5
 Blade Hands              Tmut           45%        N/A       1%          5
 Borgnjor's Vile Clutch   Necr/Erth      35%        N/A       1%          5
 Irradiate                Conj/Tmut      43%        3d26      1%          5
 Iskenderun's Battlesphe  Conj           83%        2d13      1%          5
 Starburst                Conj/Fire      37%        6d11      1%          6
 Statue Form              Tmut/Erth      62%        N/A       1%          6
 Alistair's Intoxication  Tmut/Pois      44%        N/A       2%          5
 Airstrike                Air            14%        2d(2-18)  5%          4
 Silence                  Hex/Air        26%        N/A       10%         5
 Summon Mana Viper        Hex/Summ       53%        N/A       10%         5
 Summon Forest            Summ/Tloc      24%        N/A       14%         5
 Animate Dead             Necr           28%        N/A       21%         4
 Dispel Undead            Necr           28%        3d13      21%         4
 Summon Lightning Spire   Summ/Air       28%        N/A       21%         4
 Plasma Beam              Fire/Air       24%        2x1d39    21%         6
 Spellforged Servitor     Conj/Summ      31%        N/A       26%         7
 Shatter                  Erth           48%        3d37*     26%         9
 Agony                    Necr           28%        N/A       50%         5
 Ignition                 Fire           31%        3d10      88%         8
 Death Channel            Necr           14%        N/A       97%         6
 Simulacrum               Ice/Necr       14%        N/A       97%         6
 Summon Cactus Giant      Summ           14%        N/A       97%         6
 Ozocubu's Refrigeration  Ice            14%        4d10      98%         7
 Malign Gateway           Summ/Tloc      24%        N/A       99%         7
 Necromutation            Tmut/Necr      33%        N/A       99%         8
 Fire Storm               Conj/Fire      37%        8d9       99%         9
 Summon Horrible Things   Summ           14%        N/A       100%        8
 Chain Lightning          Conj/Air       31%        3d41      100%        9


Dungeon Overview and Level Annotations

Branches:
Dungeon (15/15)            Temple (1/1) D:4            Lair (5/5) D:11
  Swamp (4/4) Lair:2       Spider (4/4) Lair:3        Slime (5/5) Lair:4
    Orc (2/2) D:9             Elf (3/3) Orc:2        Vaults (4/5) D:13
  Crypt (0/3) Vaults:3     Depths (4/4) D:15            Zot (1/5) Depths:4
  IceCv (visited)         Volcano (visited)         Desolation (visited)
Gauntlet (visited)

Altars:
Ashenzari
Cheibriados
Dithmenos
Elyvilon
Fedhas
Gozag
Hepliaklqana
Kikubaaqudgha
Makhleb
Nemelex Xobeh
Okawaru
Qazlal
Ru
Sif Muna
Trog
Uskayaw
Vehumet
Wu Jian
Xom
Yredelemnul
Zin
The Shining One
Jiyva

Shops:
D:2 ?   D:5 ===   D:7 !![   D:9 =   Orc:1 :***(   Orc:2 (=:?[   Elf:2 ?
Vaults:4 **   Depths:2 ![*

Portals:
Hell: Depths:1 Depths:2 Depths:3 Depths:4
Abyss: Depths:1 Depths:3
Pandemonium: Depths:2
Ziggurat: Depths:2

Annotations:
D:4 2 transporters
D:10 1 transporter
D:11 2 runed translucent doors
Lair:5 1 runed translucent door, Rupert
Spider:2 Agnes, Aizul, Arachne
Elf:2 3 runed translucent doors
Vaults:4 3 runed translucent doors, exclusion: obsidian statue, Anosyof's ghost, adept CeHu


Innate Abilities, Weirdness & Mutations

You are very small and have problems with some larger weapons.
You are too small for most types of armour.
You have supernaturally acute eyesight. (SInv)
You cover ground extremely quickly. (Speed+++)
You have a pair of small horns on your head.
You have sharp toenails.
Your natural rate of healing is unusually fast.
You occasionally shout uncontrollably at your foes.


Message History

You start resting.
HP restored.
You start resting.
Magic restored.
You fly down through the gate.
Welcome back to the Realm of Zot!
The green draconian breathes poison at you.
The blast of poison misses you.
There is a gate leading back out of this place, spattered with blood here.
Casting: Lee's Rapid Deconstruction (safe; 1% risk of failure)
Confirm with . or Enter, or press ? or * to list all spells.
Aiming: Iron Shot (mildly dangerous; 1% risk of failure)
Press: ? - help, Shift-Dir - straight line, f - green draconian
Aim: a green draconian, wielding a +0 long sword (heavily wounded, catching its breath, 78% to hit)
The iron shot hits the green draconian!!!
You kill the green draconian!
Vehumet accepts your kill.
You feel your power returning.
You are engulfed in poison gas.
You are poisoned.
You feel very sick.
A golden dragon comes into view.
Casting: Iron Shot (mildly dangerous; 1% risk of failure)
Confirm with . or Enter, or press ? or * to list all spells.
Aiming: Iron Shot (mildly dangerous; 1% risk of failure)
Press: ? - help, Shift-Dir - straight line, f - golden dragon
Aim: a golden dragon (87% to hit)
The iron shot hits the golden dragon!!!
The golden dragon is moderately wounded.
You are engulfed in poison gas.
You are more poisoned.
You feel extremely sick. The golden dragon breathes fire at you.
The bolt of fire hits you!!!
The purple draconian breathes dispelling energy at you.
The bolt of dispelling energy hits you!!
* * * LOW HITPOINT WARNING * * *
You are engulfed in poison gas.
You are more poisoned.
* * * LOW HITPOINT WARNING * * *
x2 You feel extremely sick.
The purple draconian breathes dispelling energy at you.
The bolt of dispelling energy hits you!!
You die...

⌠.........).... ...
............... #.#
..y.....d....... #.###
..........y..... #...#
................ #.#)#
................ #.#d#
..............d. #.#.#
......##'#############°#.#
......'...d°)°○@☼°○○○○○#.#
......##.#D#############)#
....! #.#†# #######)#####
.... #.#.. ............#
... #.#.## ###########.#
.. #.#.# #.# . #.#.# #.#
#.#.# #.### #.# #....


You could see a golden dragon (catching breath) and a purple draconian (catching
breath).

Vanquished Creatures
  the Royal Jelly (Slime:5)
  A caustic shrike (Depths:3)
  Nikola (Spider:3)
  A golden dragon (Depths:4)
  the Enchantress (Depths:1)
  2 bone dragons (Depths:4)
  Jorgrun (Spider:2)
  A deep elf master archer (Elf:3)
  A walking earthen tome (Depths:3)
  A deep elf blademaster (Elf:3)
  3 liches
  3 titans
  19 acid blobs
  2 thorn hunters (Swamp:4)
  2 sphinxes
  5 tengu reavers
  Roxanne (Swamp:4)
  A draconian monk (Depths:4)
  A storm dragon (Depths:3)
  11 rockslimes
  11 azure jellies
  2 emperor scorpions
  7 deep elf sorcerers
  6 frost giants
  4 spectral caustic shrikes (Depths:1)
  A draconian knight (Zot:1)
  An iron dragon (Depths:3)
  5 ghost moths
  14 vault wardens
  7 fire giants
  A draconian scorcher (Depths:4)
  3 draconian shifters
  8 spriggan defenders
  The ghost of Peloso the Fencer, a journeyman MiFi of Okawaru (Orc:2)
  6 orc warlords
  3 deep elf elementalists (Elf:3)
  A draconian annihilator (Zot:1)
  A balrug (Depths:2)
  A draconian stormcaller (Depths:4)
  11 quicksilver oozes
  8 stone giants
  14 very ugly things
  A vampire knight (Depths:4)
  2 angels
  9 ironbound thunderhulks
  4 broodmothers
  15 ironbound preservers
  9 eleionomae
  6 bunyips
  2 black draconians
  5 deep elf demonologists (Elf:3)
  5 deep elf annihilators
  3 red draconians (Depths:4)
  A white draconian (Zot:1)
  3 green draconians
  4 dire elephants
  A yellow draconian (Depths:4)
  A spark wasp (Depths:3)
  A halazid warlock (Vaults:2)
  3 purple draconians
  16 ettins
  4 deep elf death magi
  An entropy weaver (Spider:1)
  9 fire dragons
  2 deep elf high priests (Elf:3)
  11 great orbs of eyes
  7 yaktaur captains
  10 ice dragons
  24 hydras
  9 ironbound frosthearts
  A spectral tengu (Depths:1)
  A hell beast (Depths:2)
  A rakshasa (Depths:1)
  16 vault guards
  6 spriggan air magi
  3 jorogumos
  A peacekeeper (Vaults:4)
  6 radroaches
  12 two-headed ogres
  27 centaur warriors
  An ogre mage (D:15)
  2 ghost crabs (Swamp:3)
  25 dancing weapons
  4 alligators
  2 catoblepae
  6 deep troll shamans
  A death knight (D:13)
  10 boulder beetles
  Urug (D:13)
  8 deep troll earth magi
  3 spriggan berserkers
  4 tengu warriors
  8 orc high priests
  7 vampire magi
  6 deep elf knights
  2 sun demons (Depths:2)
  5 hell knights (Depths:1)
  3 skeletal warriors (D:14)
  2 skysharks
  13 iron trolls
  10 pharaoh ants
  3 goliath frogs
  48 deep trolls
  A flayed ghost (Depths:3)
  6 sun moths
  3 glowing orange brains
  A sea snake (shapeshifter) (Elf:3)
  13 swamp dragons
  5 orb spiders
  6 bog bodies
  A swamp dragon (shapeshifter) (D:15)
  4 spriggan druids
  6 deep elf archers
  12 wizards
  5 necromancers
  3 lindwurms
  5 harpies (Vaults:3)
  7 ironbound convokers
  12 steelbarb worms
  17 deep elf zephyrmancers
  A phantasmal warrior (Vaults:3)
  10 orc knights
  16 wolf spiders
  A frost giant zombie (Vaults:1)
  19 ugly things
  10 deep elf pyromancers
  A human zombie (Vaults:1)
  An orc sorcerer (Orc:1)
  5 manticores
  5 will-o-the-wisps
  5 shining eyes
  2 salamanders (Volcano)
  7 cyclopes
  A fire giant zombie (Depths:1)
  32 elephants
  A molten gargoyle (Desolation)
  6 moths of wrath
  A stone giant skeleton (Depths:1)
  18 vault sentinels
  Maurice (D:8)
  An orange demon (Depths:2)
  6 black mambas
  8 demonic crawlers
  5 eyes of devastation
  2 smoke demons
  10 torpor snails
  6 gargoyles
  Maggie (D:7)
  A kobold demonologist (Elf:1)
  7 komodo dragons
  9 cane toads
  2 unseen horrors
  39 yaktaurs
  8 rime drakes
  A spark wasp simulacrum (Depths:1)
  4 tengu conjurers
  A freezing wraith (D:14)
  3 efreet
  A red devil (Depths:2)
  5 polar bears
  5 meliai
  3 saltlings (Desolation)
  10 tyrant leeches
  A hellwing (Depths:2)
  7 trolls
  12 tarantellas
  9 blink frogs
  24 hornets
  A bloated husk (Swamp:2)
  3 dream sheep (Lair:3)
  A frost giant simulacrum (Depths:1)
  16 culicivoras
  5 shadows
  A stone giant simulacrum (Vaults:2)
  19 spriggans
  4 air elementals
  132 slime creatures
  5 vampires
  23 jumping spiders
  5 wyverns
  6 fire elementals
  5 water elementals
  36 yaks
  5 wraiths
  3 fire bats
  14 humans
  5 basilisks
  5 steam dragons
  12 golden eyes
  39 redbacks
  A redback (shapeshifter) (D:12)
  5 vampire mosquitoes
  18 wargs
  18 swamp worms
  8 acid dragons
  13 water moccasins
  4 hell hounds
  A floating eye (Slime:3)
  2 elephant zombies (Lair:4)
  5 swamp drakes
  A deep troll simulacrum (Vaults:1)
  2 black bears
  21 orc warriors
  6 ice beasts
  21 wolves
  6 boggarts
  5 ogres
  19 centaurs
  2 phantoms
  3 kobold brigands
  19 bullfrogs
  2 gnoll sergeants (D:10)
  2 scorpions
  2 earth elementals
  8 wights
  4 killer bees (D:12)
  6 howler monkeys
  7 electric eels
  A basilisk zombie (Lair:4)
  4 hounds
  46 orc priests
  3 jellies
  2 sleepcaps (D:6)
  4 iguanas
  19 orc wizards
  2 spectral hounds (Depths:2)
  A centaur simulacrum (D:8)
  Robin (D:3)
  6 gnolls
  7 adders
  A shadow imp (D:6)
  5 white imps
  A howler monkey simulacrum (D:8)
  An ufetubus (D:4)
  2 worms (D:2)
  4 dart slugs
  104 orcs
  5 endoplasms
  4 giant cockroaches
  16 goblins
  6 hobgoblins
  4 jackals (D:2)
  27 kobolds
  3 quokkas
  7 ball pythons
  6 bats
  A frilled lizard (D:3)
  6 rats
  7 fulminant prisms
1894 creatures vanquished.

Vanquished Creatures (collateral kills)
  A two-headed ogre (D:12)
  A spriggan (Swamp:4)
2 creatures vanquished.

Vanquished Creatures (others)
  A guardian serpent (Desolation)
  A bloated husk (Swamp:2)
  A slime creature (D:12)
  10 foxfires
  86 fulminant prisms
99 creatures vanquished.

Grand Total: 1995 creatures vanquished

Notes
Turn   | Place    | Note
-------+----------+-------------------------------------------
     0 | D:1      | Draugr the Spriggan Earth Elementalist began the quest for
                  | the Orb.
     0 | D:1      | Reached XP level 1. HP: 9/9 MP: 5/5
   125 | D:1      | Reached skill level 1 in Fighting
   303 | D:1      | Reached XP level 2. HP: 14/14 MP: 3/6
   402 | D:1      | Reached skill level 4 in Stealth
  1005 | D:2      | Reached skill level 5 in Stealth
  1005 | D:2      | Reached XP level 3. HP: 18/18 MP: 1/8
  1324 | D:2      | Reached skill level 1 in Short Blades
  1384 | D:2      | Learned a level 3 spell: Stone Arrow
  1500 | D:2      | Found Tanwiulo's Magic Scroll Shoppe.
  2045 | D:2      | Bought a scroll of identify for 20 gold pieces
  2181 | D:3      | Found a blossoming altar of Fedhas.
  2431 | D:3      | Reached XP level 4. HP: 21/22 MP: 7/9
  2482 | D:3      | Found a faded altar of an unknown god.
  2508 | D:3      | Found an ornate altar of the Wu Jian Council.
  2654 | D:3      | Found a sparkling altar of Nemelex Xobeh.
  2716 | D:3      | Noticed Robin
  2719 | D:3      | Killed Robin
  2725 | D:3      | Learned a level 4 spell: Petrify
  2903 | D:4      | Reached XP level 5. HP: 25/25 MP: 8/10
  2905 | D:4      | Found a transporter.
  3037 | D:4      | Found a transporter.
  3121 | D:4      | Reached skill level 1 in Conjurations
  3298 | D:4      | Found a staircase to the Ecumenical Temple.
  3308 | Temple   | Entered the Ecumenical Temple
  3308 | Temple   | Found a transporter.
  3308 | Temple   | Found a transporter.
  3310 | Temple   | Found a transporter.
  3310 | Temple   | Found a transporter.
  3760 | D:5      | Entered Level 5 of the Dungeon
  3763 | D:5      | Noticed an ogre
  3804 | D:5      | Found Biczaarch's Jewellery Shoppe.
  3805 | D:5      | Found Ludeijuh's Jewellery Shop.
  3829 | D:5      | Reached skill level 5 in Earth Magic
  3829 | D:5      | Reached XP level 6. HP: 30/30 MP: 9/11
  3981 | D:5      | Found a shadowy altar of Dithmenos.
  4047 | D:5      | Found Ujusegij's One-of-a-Kind Rings.
  4107 | D:5      | Reached skill level 6 in Stealth
  4122 | D:5      | Found a glowing silver altar of Zin.
  4278 | D:5      | Reached XP level 7. HP: 35/35 MP: 12/12
  5406 | D:5      | Reached XP level 8. HP: 39/39 MP: 12/15
  5895 | D:6      | Found a basalt altar of Yredelemnul.
  5999 | D:6      | Identified the +0 leather armour of Okawaru, Wizarding
                  | {Drain rPois rF+ rCorr}
  6110 | D:6      | Found a bloodstained altar of Trog.
  6128 | D:7      | Found Kyadd's Antique Armour Emporium.
  6128 | D:7      | Found Xysufolo's Distillery.
  6128 | D:7      | Found Notolad's Distillery.
  6153 | D:7      | Found a radiant altar of Vehumet.
  6160 | D:7      | Became a worshipper of Vehumet
  6262 | D:7      | Reached skill level 5 in Spellcasting
  6622 | D:7      | Reached XP level 9. HP: 43/43 MP: 9/21
  6724 | D:7      | Noticed Maggie
  6764 | D:7      | Killed Maggie
  6960 | D:7      | Reached skill level 5 in Transmutations
  7047 | D:7      | Found a broken altar of Ashenzari.
  7165 | D:8      | Noticed Maurice
  7643 | D:8      | Killed Maurice
  7644 | D:8      | Reached XP level 10. HP: 25/47 MP: 5/23
  7864 | D:8      | Reached * piety under Vehumet
  7864 | D:8      | Offered knowledge of Foxfire by Vehumet.
  8493 | D:8      | Paralysed by a hornet for 3 turns
  8659 | D:8      | Reached skill level 5 in Dodging
  8964 | D:9      | Offered knowledge of Scorch by Vehumet.
  9029 | D:9      | Reached ** piety under Vehumet
  9061 | D:9      | Found a staircase to the Orcish Mines.
  9335 | D:9      | Found Cevorcha's Jewellery Shoppe.
  9480 | D:5      | Bought the ring of Byvvoek {rElec rF+ Slay+3} for 516 gold
                  | pieces
 10013 | D:9      | Offered knowledge of Searing Ray by Vehumet.
 10017 | D:9      | Learned a level 2 spell: Searing Ray
 10514 | D:10     | Entered Level 10 of the Dungeon
 10715 | D:10     | Noticed a smoke demon
 10726 | D:9      | Reached XP level 11. HP: 47/54 MP: 16/24
 10840 | D:10     | Reached skill level 1 in Armour
 10959 | D:10     | Reached *** piety under Vehumet
 11268 | D:10     | Reached skill level 1 in Evocations
 11365 | D:10     | Offered knowledge of Fulminant Prism by Vehumet.
 11384 | D:10     | Learned a level 4 spell: Fulminant Prism
 11421 | D:10     | Reached skill level 1 in Hexes
 11659 | D:10     | Found a transporter.
 12054 | D:11     | Reached skill level 5 in Hexes
 12089 | D:11     | Noticed a cyan ugly thing
 12089 | D:11     | Noticed a two-headed ogre
 12100 | D:11     | Killed a two-headed ogre
 12121 | D:11     | Killed a cyan ugly thing
 12142 | D:11     | Found a staircase to the Lair.
 12512 | D:11     | Reached **** piety under Vehumet
 12512 | D:11     | Noticed a boulder beetle
 12528 | D:11     | Killed a boulder beetle
 12529 | D:11     | Reached skill level 5 in Conjurations
 12663 | D:11     | Noticed a boulder beetle
 12677 | D:11     | Killed a boulder beetle
 12677 | D:11     | Offered knowledge of Lee's Rapid Deconstruction by Vehumet.
 12684 | D:11     | Learned a level 5 spell: Lee's Rapid Deconstruction
 12758 | D:11     | Found a large runed translucent door.
 12759 | D:11     | Found a large runed translucent door.
 12769 | D:11     | Found a large runed translucent door.
 12769 | D:11     | Found a large runed translucent door.
 12813 | D:11     | Noticed a cyan ugly thing
 12846 | D:11     | Killed a cyan ugly thing
 12857 | D:11     | Reached skill level 10 in Transmutations
 13014 | D:11     | Reached XP level 12. HP: 45/58 MP: 18/25
 13073 | D:11     | Noticed a two-headed ogre
 13085 | D:11     | Noticed a five-headed hydra
 13098 | D:11     | Killed a two-headed ogre
 13172 | D:11     | Killed a five-headed hydra
 13351 | D:11     | Noticed a four-headed hydra
 13590 | D:11     | Killed a four-headed hydra
 13623 | Lair:1   | Entered Level 1 of the Lair of Beasts
 13646 | Lair:1   | Reached skill level 10 in Spellcasting
 13758 | Lair:1   | Found a dark tunnel.
 13876 | Volcano  | Entered a volcano
 13889 | Volcano  | Noticed a two-headed ogre
 13915 | Volcano  | Killed a two-headed ogre
 13952 | Volcano  | Noticed a two-headed ogre
 13977 | Volcano  | Killed a two-headed ogre
 14663 | Lair:1   | Reached skill level 10 in Earth Magic
 14809 | Lair:1   | Learned a level 5 spell: Fireball
 14962 | Lair:1   | Reached skill level 1 in Fire Magic
 15534 | Lair:2   | Reached XP level 13. HP: 46/62 MP: 22/29
 15763 | Lair:2   | Reached skill level 5 in Fire Magic
 15775 | Lair:2   | Reached skill level 7 in Stealth
 15806 | Lair:2   | Reached ***** piety under Vehumet
 15807 | Lair:2   | Reached skill level 8 in Stealth
 15875 | Lair:2   | Offered knowledge of Olgreb's Toxic Radiance by Vehumet.
 16164 | Lair:2   | Reached skill level 9 in Stealth
 16295 | Lair:2   | Reached skill level 10 in Stealth
 16662 | Lair:2   | Reached skill level 11 in Stealth
 16847 | Lair:2   | Found a staircase to the Swamp.
 17307 | Lair:3   | Reached skill level 12 in Stealth
 17480 | Lair:3   | Reached skill level 13 in Stealth
 17664 | Lair:3   | Reached skill level 14 in Stealth
 18425 | Lair:3   | Found a hole to the Spider Nest.
 18842 | D:12     | Learned a level 6 spell: Iron Shot
 19190 | D:12     | Reached XP level 14. HP: 67/67 MP: 21/30
 20323 | D:13     | Noticed Urug
 20323 | D:13     | Found a gate to the Vaults.
 20327 | D:12     | Offered knowledge of Conjure Ball Lightning by Vehumet.
 20419 | Orc:1    | Entered Level 1 of the Orcish Mines
 20514 | Orc:1    | Found Avief's General Store.
 20526 | Orc:1    | Bought 3 scrolls of identify for 84 gold pieces
 20526 | Orc:1    | Bought a potion of heal wounds for 70 gold pieces
 20901 | Orc:2    | Entered Level 2 of the Orcish Mines
 21070 | Orc:2    | Found Pusig's Book Shoppe.
 21250 | Orc:2    | Found a staircase to the Elven Halls.
 21327 | Orc:1    | Found Vaonoid's Assorted Antiques.
 21335 | Orc:1    | Found Asunkupt's General Store.
 21336 | Orc:1    | Found Ypraifoh's Book Emporium.
 21432 | Orc:1    | Bought a book of Spatial Translocations for 234 gold pieces
 21435 | Orc:1    | Learned a level 2 spell: Blink
 21447 | Orc:1    | Found Hitezipt's Weapon Boutique.
 21491 | Orc:1    | Bought a scroll of blinking for 112 gold pieces
 21700 | Orc:2    | Reached skill level 1 in Translocations
 21985 | Orc:2    | Found Loaxonn's Jewellery Shop.
 21985 | Orc:2    | Found Emiucw's Antique Weapon Emporium.
 22017 | Orc:2    | Found a runed translucent gate.
 22017 | Orc:2    | Identified the amulet "Otwil" {rN+ Regen+}
 22018 | Orc:2    | Found a runed translucent gate.
 22019 | Orc:2    | Found a runed translucent gate.
 22019 | Orc:2    | Identified the +0 chain mail of Prudence {Will+ Str+2
                  | Stlth+}
 22025 | Orc:2    | Noticed Peloso's ghost (journeyman MiFi)
 22210 | Orc:2    | Reached skill level 5 in Translocations
 22361 | Orc:2    | Found Netokuv's Armour Shop.
 22361 | Orc:2    | Found Nerheheing's Magic Scroll Emporium.
 22367 | Orc:2    | Bought a scroll of identify for 24 gold pieces
 22367 | Orc:2    | Bought a scroll of teleportation for 36 gold pieces
 22367 | Orc:2    | Bought a scroll of enchant weapon for 90 gold pieces
 22367 | Orc:2    | Bought a scroll of identify for 24 gold pieces
 22502 | Orc:2    | Offered knowledge of Iskenderun's Battlesphere by Vehumet.
 22735 | Orc:2    | Killed Peloso's ghost
 23664 | Lair:4   | Found a staircase to the Slime Pits.
 23678 | Lair:4   | Found a viscous altar of Jiyva.
 23967 | Lair:4   | Learned a level 5 spell: Iskenderun's Battlesphere
 24334 | Lair:5   | Entered Level 5 of the Lair of Beasts
 24898 | Lair:5   | Reached XP level 15. HP: 70/70 MP: 29/33
 25086 | Lair:5   | Offered knowledge of Orb of Destruction by Vehumet.
 25213 | Lair:5   | Identified the +0 ring mail "Ezae" {Contam +Blink rPois}
 26157 | Orc:2    | Bought a +2 cloak of preservation for 322 gold pieces
 26502 | Lair:5   | Learned a level 7 spell: Orb of Destruction
 26618 | Lair:5   | Found a runed translucent door.
 26619 | Lair:5   | Noticed Rupert
 26810 | Lair:5   | Paralysed by a hornet for 1 turns
 27420 | Elf:1    | Entered Level 1 of the Elven Halls
 27422 | Elf:1    | Paralysed by an air elemental for 1 turns
 27424 | Elf:1    | Reached skill level 15 in Spellcasting
 27424 | Elf:1    | Paralysed by an air elemental for 1 turns
 27541 | Elf:1    | Found a flickering gateway to a bazaar.
 27614 | Bazaar   | Entered a bazaar
 27614 | Bazaar   | Found Jafauhoe's Antique Weapon Boutique.
 27614 | Bazaar   | Found Pabrifa's Assorted Antiques.
 27642 | Bazaar   | Found Xurphoc's Jewellery Shop.
 27691 | Bazaar   | Found Vonim's Jewellery Boutique.
 27762 | Bazaar   | Bought a scroll of blinking for 172 gold pieces
 27762 | Bazaar   | Bought a potion of heal wounds for 115 gold pieces
 28075 | Elf:1    | Found a runed translucent gate.
 28077 | Elf:1    | Found a runed translucent gate.
 28077 | Elf:1    | Found a runed translucent gate.
 28357 | Elf:1    | Noticed a deep elf sorcerer
 28367 | Elf:1    | Killed a deep elf sorcerer
 29301 | Elf:1    | Identified a scroll of acquirement
 29309 | Elf:1    | Acquired Taxix's Catalogue of Snow and Arcane Combat
 29365 | Elf:2    | Found Yxeifuch's Magic Scroll Emporium.
 29370 | Elf:2    | Bought a scroll of enchant armour for 105 gold pieces
 29566 | Elf:2    | Offered knowledge of Yara's Violent Unravelling by Vehumet.
 29590 | Elf:2    | Learned a level 5 spell: Yara's Violent Unravelling
 29801 | Elf:2    | Found a runed translucent gate.
 29801 | Elf:2    | Found a runed translucent gate.
 29810 | Elf:2    | Reached XP level 16. HP: 74/74 MP: 32/38
 29825 | Elf:2    | Found a runed translucent gate.
 30305 | Swamp:1  | Entered Level 1 of the Swamp
 31510 | D:9      | Bought a ring of poison resistance for 240 gold pieces
 31676 | Swamp:1  | Reached skill level 15 in Stealth
 33023 | D:13     | Reached skill level 16 in Stealth
 33432 | D:14     | Found a gate leading to a gauntlet.
 33443 | Gauntlet | Entered a Gauntlet
 33443 | Gauntlet | Found a transporter.
 33443 | Gauntlet | Found a transporter.
 33450 | Gauntlet | Found a large runed translucent door.
 33451 | Gauntlet | Found a large runed translucent door.
 33452 | Gauntlet | Found a large runed translucent door.
 33452 | Gauntlet | Found a large runed translucent door.
 33452 | Gauntlet | Found a runed translucent door.
 33452 | Gauntlet | Found a runed translucent door.
 33453 | Gauntlet | Found a large runed translucent door.
 33454 | Gauntlet | Found a large runed translucent door.
 33454 | Gauntlet | Found a large runed translucent door.
 33454 | Gauntlet | Found a large runed translucent door.
 33454 | Gauntlet | Found a large runed translucent door.
 33454 | Gauntlet | Found a large runed translucent door.
 33455 | Gauntlet | Found a transporter.
 33455 | Gauntlet | Found a large runed translucent door.
 33456 | Gauntlet | Found a large runed translucent door.
 33458 | Gauntlet | Found a transporter.
 33461 | Gauntlet | Found a transporter.
 33472 | Gauntlet | Found a large runed translucent door.
 33472 | Gauntlet | Found a large runed translucent door.
 33472 | Gauntlet | Found a large runed translucent door.
 33472 | Gauntlet | Found a large runed translucent door.
 33481 | Gauntlet | Found a runed translucent gate.
 33481 | Gauntlet | Found a runed translucent gate.
 33481 | Gauntlet | Found a runed translucent gate.
 33482 | Gauntlet | Found a transporter.
 33482 | Gauntlet | Found a transporter.
 33483 | Gauntlet | Found a transporter.
 33502 | Gauntlet | Found a transporter.
 33685 | D:14     | Reached skill level 5 in Fighting
 34625 | D:14     | Reached skill level 5 in Short Blades
 34890 | D:15     | Entered Level 15 of the Dungeon
 34900 | D:15     | Found a radiant altar of Vehumet.
 34925 | D:15     | Found a staircase to the Depths.
 35584 | D:15     | Found a frozen archway.
 35592 | IceCv    | Entered an ice cave
 36595 | Depths:1 | Entered Level 1 of the Depths
 36745 | Depths:1 | Found a gateway to Hell.
 36745 | Depths:1 | You fall into a shaft and drop 1 floor!
 36745 | Depths:2 | Noticed a titan
 36990 | Depths:1 | Found a one-way gate to the infinite horrors of the Abyss.
 37024 | Depths:2 | Noticed a tengu reaver
 37096 | Depths:1 | Offered knowledge of Eringya's Noxious Bog by Vehumet.
 37232 | Depths:1 | Noticed the Enchantress
 37250 | Depths:1 | Killed the Enchantress
 37251 | Depths:1 | Reached skill level 5 in Evocations
 40231 | Spider:1 | Entered Level 1 of the Spider Nest
 40752 | Spider:1 | Reached XP level 17. HP: 81/81 MP: 4/39
 41093 | Lair:3   | Learned a level 4 spell: Iskenderun's Mystic Blast
 42440 | Spider:1 | You fall into a shaft and drop 1 floor!
 42449 | Spider:2 | Noticed Arachne
 42510 | Spider:2 | Noticed Agnes
 42580 | Spider:2 | Noticed Aizul
 43144 | Spider:2 | Noticed Jorgrun
 43146 | Spider:2 | Killed Jorgrun
 43263 | Spider:2 | Reached skill level 17 in Stealth
 43731 | Spider:2 | Reached skill level 18 in Stealth
 44992 | Spider:3 | Noticed Nikola
 45023 | Spider:3 | Killed Nikola
 45084 | Spider:3 | Offered knowledge of Ozocubu's Refrigeration by Vehumet.
 46787 | Spider:3 | Acquired 959 gold pieces
 47043 | Orc:2    | Bought the +1 robe of Vines {NoPotionHeal Regen++++} for
                  | 1200 gold pieces
 47043 | Orc:2    | Found the +1 robe of Vines {NoPotionHeal Regen++++}
 47345 | Spider:4 | Entered Level 4 of the Spider Nest
 47897 | Spider:4 | Reached skill level 10 in Conjurations
 47930 | Spider:4 | Identified the +7 mace of Plague {holy, rF- rN+ Str+6}
 48071 | Spider:4 | Reached XP level 18. HP: 56/86 MP: 20/40
 48466 | Spider:4 | Reached ****** piety under Vehumet
 48838 | Spider:4 | Got a gossamer rune of Zot
 49226 | Swamp:2  | Offered knowledge of Lehudib's Crystal Spear by Vehumet.
 49226 | Swamp:2  | Offered knowledge of Fire Storm by Vehumet.
 49226 | Swamp:2  | Offered knowledge of Maxwell's Capacitive Coupling by
                  | Vehumet.
 49366 | Swamp:4  | Entered Level 4 of the Swamp
 51802 | Swamp:4  | Reached skill level 1 in Shields
 52267 | D:2      | Bought a scroll of blinking for 75 gold pieces
 52267 | D:2      | Bought a scroll of fog for 40 gold pieces
 52527 | Orc:2    | Bought the ring of Psychosis {rC+ Slay+2} for 565 gold
                  | pieces
 52880 | Swamp:4  | Identified Roxanne's Directory of Forms
 52880 | Swamp:4  | Noticed Roxanne
 52885 | Swamp:4  | Killed Roxanne
 53570 | Swamp:4  | Got a decaying rune of Zot
 53742 | Swamp:4  | Learned a level 3 spell: Dazzling Flash
 53853 | D:13     | Killed Urug
 54513 | Vaults:1 | Entered Level 1 of the Vaults
 54832 | Vaults:1 | Reached skill level 5 in Shields
 54945 | Vaults:1 | Reached XP level 19. HP: 90/90 MP: 24/42
 55085 | Vaults:1 | Identified the +8 mace of Paasuur {venom, *Noise rC++ rCorr
                  | SInv}
 55732 | Vaults:1 | Identified the ring "Oczon" {Ice Int+5}
 56470 | Vaults:1 | Acquired the +1 hat "Cuppil" {Fly Will+ Regen+ Dex+2}
 56932 | Vaults:2 | Found a crumbling gateway.
 57081 | Vaults:2 | Found a white marble altar of Elyvilon.
 57081 | Vaults:2 | Found a glowing golden altar of the Shining One.
 57081 | Vaults:2 | Found a glowing silver altar of Zin.
 57088 | Desolati | Entered the Desolation of Salt
 57201 | Vaults:2 | Identified the +6 quarterstaff of Due Proportion {drain,
                  | Int+3}
 58134 | Vaults:2 | Identified the ring "Arrap" {Wiz Will+}
 58994 | Vaults:3 | Found a flickering gateway to a bazaar.
 59018 | Bazaar   | Entered a bazaar
 59050 | Bazaar   | Found Ysaig's Magic Scroll Shop.
 59061 | Bazaar   | Found Xumut's Distillery.
 59081 | Bazaar   | Found Tiddil's Distillery.
 59103 | Bazaar   | Found Oqaov's Magic Scroll Shop.
 59107 | Bazaar   | Bought a scroll of acquirement for 728 gold pieces
 59113 | Bazaar   | Acquired 719 gold pieces
 59118 | Bazaar   | Bought a scroll of brand weapon for 133 gold pieces
 59153 | Bazaar   | Bought a scroll of blinking for 120 gold pieces
 59153 | Bazaar   | Bought a scroll of blinking for 120 gold pieces
 59170 | Bazaar   | Bought a potion of heal wounds for 70 gold pieces
 59200 | Bazaar   | Bought a potion of heal wounds for 70 gold pieces
 59200 | Bazaar   | Bought a potion of haste for 140 gold pieces
 59200 | Bazaar   | Bought a potion of invisibility for 112 gold pieces
 59375 | Vaults:3 | Found a staircase to the Crypt.
 60534 | Vaults:3 | Reached skill level 15 in Earth Magic
 60538 | Vaults:3 | Reached XP level 20. HP: 94/98 MP: 31/43
 60992 | Vaults:3 | Identified the +5 lajatang of Gallantry {venom, *Rage rPois
                  | Will+ Int+3 Dex+3}
 61511 | Vaults:3 | Reached skill level 10 in Dodging
 61994 | Vaults:4 | Found a runed translucent gate.
 61994 | Vaults:4 | Found an opulent altar of Gozag.
 61994 | Vaults:4 | Found a runed translucent gate.
 61995 | Vaults:4 | Found a runed translucent gate.
 61995 | Vaults:4 | Found Medooleu's Assorted Antiques.
 62798 | Vaults:4 | Found Zuwergh's Assorted Antiques.
 62844 | Vaults:4 | Bought a scroll of teleportation for 111 gold pieces
 62971 | Vaults:4 | Reached skill level 15 in Transmutations
 63318 | Vaults:4 | Noticed Anosyof's ghost (adept CeHu)
 63561 | Vaults:4 | Identified the +1 cloak of the Wumpus {*Slow rElec rC++
                  | rCorr}
 65053 | Depths:1 | Found a hazy altar of Hepliaklqana.
 65368 | Depths:1 | Identified the +0 ring mail "Put-Me-On" {rElec Dex+2}
 65940 | Depths:2 | Reached XP level 21. HP: 102/102 MP: 15/44
 67006 | Depths:2 | Found a one-way gateway to a ziggurat.
 67069 | Depths:2 | Found an opulent altar of Gozag.
 67264 | Depths:2 | Identified the +0 scale mail "Unaarehu" {Rampage rF- rN+}
 67732 | Depths:2 | Found a one-way gate leading to the halls of Pandemonium.
 68276 | Depths:2 | Found The Legendary Woest's Legendary Smithy.
 68318 | Depths:2 | Found Dureka's General Store.
 68341 | Depths:2 | Bought 2 scrolls of teleportation for 120 gold pieces
 68396 | Depths:2 | Found a sacrificial altar of Ru.
 68473 | Depths:2 | Found Kaseduwyne's Miraculous Elixirs.
 68699 | Depths:2 | Found an ancient bone altar of Kikubaaqudgha.
 69025 | Depths:2 | Found an ancient bone altar of Kikubaaqudgha.
 69141 | Depths:2 | Acquired the ring "Hogij" {rC+ rN++ Int+5}
 69515 | Depths:3 | Found a blossoming altar of Fedhas.
 69516 | Depths:3 | Found a basalt altar of Yredelemnul.
 69832 | Depths:3 | Found a basalt altar of Yredelemnul.
 70229 | Depths:3 | Identified the +5 quarterstaff "Fuaneegi" {holy, rC+ Will-
                  | Int+6}
 70257 | Depths:3 | Found a sparkling altar of Nemelex Xobeh.
 70338 | Depths:3 | Noticed a caustic shrike
 70388 | Depths:3 | Killed a caustic shrike
 70822 | Depths:3 | Found a burning altar of Makhleb.
 71062 | Depths:3 | Reached XP level 22. HP: 107/107 MP: 23/45
 71205 | Depths:4 | Entered Level 4 of the Depths
 71347 | Depths:4 | Reached skill level 10 in Shields
 72363 | Depths:4 | Noticed a golden dragon
 72370 | Depths:4 | Killed a golden dragon
 72398 | Depths:4 | Found a gate to the Realm of Zot.
 73044 | Depths:4 | Reached skill level 10 in Short Blades
 73354 | Elf:2    | Bought a scroll of enchant weapon for 105 gold pieces
 73369 | Elf:3    | Entered Level 3 of the Elven Halls
 73468 | Elf:3    | Paralysed by an air elemental for 1 turns
 73982 | Elf:3    | Paralysed by an air elemental for 1 turns
 74482 | Elf:3    | Learned a level 8 spell: Lehudib's Crystal Spear
 74518 | Elf:3    | Reached skill level 19 in Stealth
 74719 | Elf:3    | Identified the ring "Ujofe" {rPois EV+5 Str+2}
 74860 | Elf:3    | Reached skill level 20 in Stealth
 75016 | Elf:3    | Identified the ring "Loex" {Fly Will+ Dex+2 Stlth-}
 75145 | Elf:3    | Got the Meditations on the Shapeshifter
 75230 | Elf:3    | Identified the staff of air "Zipp" {Fragile rElec rC++
                  | Will+ Str-3}
 75241 | Elf:3    | Identified the staff of earth "Cowiovve" {rPois rC+}
 75566 | Slime:1  | Entered Level 1 of the Pits of Slime
 76051 | Slime:1  | Reached skill level 21 in Stealth
 76898 | Slime:2  | Gained mutation: You occasionally lose the ability to drink
                  | potions when taking damage. [a shining eye]
 77030 | Slime:2  | Reached skill level 22 in Stealth
 77842 | Slime:5  | Entered Level 5 of the Pits of Slime
 78187 | Slime:5  | Reached skill level 23 in Stealth
 78291 | Slime:5  | Noticed the Royal Jelly
 78322 | Slime:5  | Reached XP level 23. HP: 111/111 MP: 46/46
 78323 | Slime:5  | Found a viscous altar of Jiyva.
 78326 | Slime:5  | Found the dreamshard necklace {*Dream Drain}
 78705 | Slime:5  | Reached skill level 24 in Stealth
 79783 | Slime:5  | Killed the Royal Jelly
 80424 | Slime:5  | Identified the +11 falchion of the Hand {heavy, SInv}
 80549 | Slime:5  | Got a slimy rune of Zot
 80550 | Slime:5  | Identified the +7 rapier "Kaklob" {freeze, *Noise Fly rPois
                  | rN+}
 80604 | Slime:5  | Identified the orb of the Hot Ocelot {light, rN+}
 80626 | Slime:5  | Identified the +0 shadow dragon scales of Doskaq {-Cast Fly
                  | rPois Stlth++++}
 80711 | Slime:3  | Gained mutation: You are vulnerable to cold. (rC-) [a
                  | shining eye]
 80727 | Slime:3  | Lost mutation: You are vulnerable to cold. (rC-) [potion of
                  | mutation]
 80727 | Slime:3  | Lost mutation: You occasionally lose the ability to drink
                  | potions when taking damage. [potion of mutation]
 80727 | Slime:3  | Gained mutation: You have sharp toenails. [potion of
                  | mutation]
 80727 | Slime:3  | Gained mutation: You occasionally lose the ability to drink
                  | potions when taking damage. [potion of mutation]
 80727 | Slime:3  | Gained mutation: Your magical capacity is low. (-10% MP)
                  | [potion of mutation]
 80727 | Slime:3  | Gained mutation: You are covered in fur. (AC +1) [potion of
                  | mutation]
 80728 | Slime:3  | Lost mutation: You are covered in fur. (AC +1) [potion of
                  | mutation]
 80728 | Slime:3  | Lost mutation: You occasionally lose the ability to drink
                  | potions when taking damage. [potion of mutation]
 80728 | Slime:3  | Lost mutation: Your magical capacity is low. (-10% MP)
                  | [potion of mutation]
 80728 | Slime:3  | Gained mutation: You occasionally shout uncontrollably at
                  | your foes. [potion of mutation]
 80728 | Slime:3  | Gained mutation: Your natural rate of healing is unusually
                  | fast. [potion of mutation]
 80728 | Slime:3  | Gained mutation: You have a pair of small horns on your
                  | head. [potion of mutation]
 81248 | Zot:1    | Entered Level 1 of the Realm of Zot
 81740 | Zot:1    | Killed from afar by a purple draconian

Illustrated notes

Levels and vault maps discovered:
D:1:      saegor_arrival_simple_d, layout_loops_corners
D:2:      layout_basic, serial_shops, shop, chequers_jeans
D:3:      layout_rooms, mainiacjoe_overflow_six_doors_small,
          mainiacjoe_overflow_concentric_impassable, amcnicky_altar_gilded,
          ebering_ecumenical_altar_sacrificial, serial_bayou_pond_e,
          kennysheep_doodads, uniq_robin
D:4:      gammafunk_wand_slinger, layout_loops_ring, minmay_temple_entry_tees,
          columned_hall_lemuel
D:5:      layout_cave_pools, nicolae_dithmenos_shadow_blocks,
          mainiacjoe_overflow_alcove_1, nicolae_wooded_promenade,
          kb_lookout_dungeons_type, nicolae_shop_unique_rings,
          grunt_decor_junction
D:6:      layout_rooms, mainiacjoe_overflow_brackets, mainiacjoe_overflow_paths,
          minmay_fractal_squares_diagonal_5
D:7:      layout_cave_pools, mainiacjoe_overflow_alcove_4, old_standard_altar,
          serial_rivers, chequers_serial_rivers_micro_a,
          chequers_serial_rivers_small_3, chequers_serial_rivers_micro_e,
          chequers_serial_rivers_small_b, chequers_serial_rivers_micro_e,
          chequers_serial_rivers_room_b, nicolae_shop_distant_corner_stores,
          uniq_maggie
D:8:      layout_rooms, serial_ice, serial_ice_c, serial_ice_d, serial_ice_o,
          serial_ice_l, serial_ice_e, serial_ice_m, serial_ice_b,
          kennysheep_kite_vault, uniq_maurice
D:9:      layout_layer_cave, minmay_orc_entry_guard_dogs, serial_shops,
          nicolae_shop_tiny_statue_garden
D:10:     minmay_firetagon, layout_irregular_city, nicolae_diode_basic
D:11:     layout_rooms, lair_entry_dummy, minmay_hollow_rounded_squares
D:12:     minmay_inner_zag, layout_basic, grunt_ministairs_15, eino_jars
D:13:     layout_cross, david_vaults_3
D:14:     layout_roguey, gauntlet_entry_generic, minmay_misc_feat_more_columns,
          kennysheep_generic_room_14
D:15:     grunt_enter_depths_giant_problem, layout_loops_cross,
          nicolae_vehumet_radiance, portal_ice_cave_entry_pillars_2,
          special_room [special_room_orc]
Temple:   hellmonk_temple_divided_pantheon
Lair:1:   layout_cave_shapes, enter_volcano_3, beast_lair_carwin_9
Lair:2:   layout_gridlike, palyth_hydra_swamp_entry,
          infiniplex_staircase_pool_2, grunt_megastairs_3
Lair:3:   layout_cave_pods, spider_nest_entry_a, st_stairs_8
Lair:4:   pond_and_an_island_with_a_cottage, layout_concentric_octagons,
          slime_entry_1
Lair:5:   wormcave, layout_long_grid, guppyfry_lair_end_dragon,
          minmay_lair_drake_nest, grunt_megastairs_4, serial_bayou_shore_b,
          uniq_rupert
Swamp:1:  layout_falls_marsh, evilmike_swamp_ruin_house_1
Swamp:2:  layout_falls_marsh, nicolae_swamp_trees_clearing,
          nicolae_swamp_little_swirl
Swamp:3:  layout_basic_swamp, hangedman_swamp_diagram
Swamp:4:  swamp_basic_johnstein, layout_basic_swamp, swamp_pool1,
          nzn_swamp_dancing_lights, uniq_roxanne
Spider:1: layout_chambers, nicolae_spider_shape
Spider:2: layout_spider_delve, nicolae_spider_wall_of_niches,
          nicolae_spider_cling_halls, uniq_arachne, uniq_agnes, uniq_aizul,
          uniq_jorgrun
Spider:3: nicolae_spider_hilbert_zone_7 [nicolae_spider_hilbert_4_sides_1_open,
          nicolae_spider_hilbert_4_sides_1_open,
          nicolae_spider_hilbert_4_sides_1_open,
          nicolae_spider_hilbert_4_sides_1_open,
          nicolae_spider_hilbert_3_sides_1_open,
          nicolae_spider_hilbert_3_sides_1_open,
          nicolae_spider_hilbert_3_sides_1_open,
          nicolae_spider_hilbert_3_sides_1_open,
          nicolae_spider_hilbert_4_sides_1_open,
          nicolae_spider_hilbert_4_sides_1_open,
          nicolae_spider_hilbert_4_sides_1_open,
          nicolae_spider_hilbert_2_sides_1_open,
          nicolae_spider_hilbert_2_sides_1_open,
          nicolae_spider_hilbert_2_sides_1_open,
          nicolae_spider_hilbert_2_sides_1_open,
          nicolae_spider_hilbert_2_sides_1_open,
          nicolae_spider_hilbert_2_sides_1_open], nicolae_spider_cling_ruins,
          uniq_nikola
Spider:4: hellmonk_spider_rune_bug_friends
Slime:1:  layout_caves
Slime:2:  layout_caves, cheibrodos_slime_lost_civilization_6
Slime:3:  layout_caves
Slime:4:  layout_caves
Slime:5
Orc:1:    nicolae_orc_accident_2, layout_caves, serial_shops, shop,
          nicolae_shop_window_shopping, nicolae_shop_behind_doors,
          nicolae_shop_peninsula, shop
Orc:2:    st_orc_town, layout_diamond_mine, serial_shops, shop,
          biasface_ghost_orc_armoury, uniq_urug
Elf:1:    nicolae_elf_arrival_aired_out, layout_gridlike, serial_shops,
          bzr_entry_water, hangedman_elf_disciples, st_stairs_13,
          minmay_curled_crystal, palyth_stone_intersect,
          nicolae_gammafunk_elf_defective_weapons_storage
Elf:2:    nicolae_elf_blades_splatter_lattice [nooodl_blade_entry_preview],
          layout_geoelf_octagon, serial_shops, shop
Elf:3:    minmay_elf_hall_dome, layout_geoelf_castle
Vaults:1: nicolae_vaults_storage_closets_1, vaults_room_pools,
          ontoclasm_vaults_loading_screen, nicolae_vaults_twisting_passages,
          v_misc_18, ontoclasm_vaults_loading_screen, v_alt_pattern_4,
          nicolae_vaults_asterisk, grunt_vaults_twisty,
          ontoclasm_vaults_loading_screen, nicolae_vaults_border_crossing,
          layout_vaults_quadrants
Vaults:2: portal_desolation_entry_holy_temple, nicolae_vaults_branching_niches,
          serial_ice_h, nicolae_vaults_trapezoid_4,
          nicolae_vaults_mini_display_case, nicolae_vaults_diagonal_hallway_7,
          nicolae_vaults_wrenched, nicolae_vaults_circle_grid_a,
          nicolae_vaults_what_the_h, nicolae_vaults_tetromino_Z_2,
          layout_vaults_omnibox
Vaults:3: vaults_mumra_minichess, v_pattern_4, ontoclasm_vaults_eye,
          nicolae_vaults_hallways_thing, nicolae_vaults_yaktaur_gun_rack,
          vaults_room_fours, ontoclasm_vaults_gateway,
          nicolae_vaults_murder_corner, layout_vaults_chaotic_city,
          serial_shops, bzr_entry_gold
Vaults:4: ebering_ghost_gozag, hangedman_vaults_stagger,
          nicolae_vaults_frosty_reception, nicolae_vaults_disjoint_gnomons,
          v_misc_3, nicolae_vaults_windows_and_doors_thing,
          hangedman_vaults_cutoff, nicolae_vaults_museum,
          vaults_room_large_hall, ontoclasm_vaults_tryst,
          vaults_dpeg_encased_lava, nicolae_vaults_double_plus_1, v_misc_13,
          nicolae_vaults_house_3, nicolae_vaults_house_3,
          nicolae_vaults_double_plus_3, layout_vaults_maze, serial_shops,
          nicolae_square_shop
Depths:1: layout_basic, chequers_serial_rivers_micro_b, abyss_entry,
          pf_hell_entry_tar_river, nicolae_hepliaklqana_monster_ancestors,
          uniq_enchantress
Depths:2: grated_community_mu [grated_community_mu_vampire_home,
          grated_community_mu_giant_home, grated_community_mu_spellcaster_home,
          grated_community_mu_orcish_home, grated_community_mu_troll_home,
          grated_community_mu_taur_home, grated_community_mu_unbuilt_plot],
          layout_cave_pools, enter_ziggurat_e, lightli_too_deep,
          rand_demon_pan_entry_4, grunt_gozag_breadcrumbs,
          infiniplex_staircase_diamond
Depths:3: minmay_the_grid_octo_2x2 [minmay_the_grid_octo_odd_swirl,
          minmay_the_grid_octo_shrine, minmay_the_grid_octo_pinwheel,
          minmay_the_grid_octo_prize_big_c], layout_gridville,
          lemuel_coloured_pillars_altar, abyss_entry, hell_entry,
          serial_bayou_shore_a, firewood_loft,
          infiniplex_staircase_hallway_doors
Depths:4: grunt_zot_entry_pinwheel, layout_gridlike, hell_entry,
          serial_bayou_shore_b, serial_bayou_shore_b
Zot:1:    layout_gridlike

Skill      XL: |  1  2  3  4  5  6  7  8  9 10 11 12 13 14 15 16 17 18 19 20 21 22 23 |
---------------+----------------------------------------------------------------------+-----
Fighting       | 1 2 4 6 8 9 |  9.3
Stealth        | 5 6 14 16 18 23 24 | 24.0
Short Blades   | 1 4 8 11 | 11.0
Spellcasting   | 3 4 7 8 11 13 17 18 19 | 19.2
Earth Magic    | 3 4 5 6 8 10 11 12 13 14 15 16 18 | 18.5
Conjurations   | 1 2 3 5 6 8 9 10 11 13 | 13.5
Dodging        | 4 6 11 | 11.0
Transmutations | 3 6 9 10 12 14 16 | 16.0
Armour         | 3 |  3.1
Evocations     | 2 6 |  6.1
Hexes          | 5 6 7 8 |  8.7
Fire Magic     | 3 5 6 |  6.7
Translocations | 5 7 |  7.0
Shields        | 5 6 9 10 | 10.7

Action                     |  1- 3 |  4- 6 |  7- 9 | 10-12 | 13-15 | 16-18 | 19-21 | 22-24 || total
---------------------------+-------+-------+-------+-------+-------+-------+-------+-------++-------
  Melee: Dagger            |    12 |    10 |    28 |   184 |   407 |    42 |       |       ||   683
         Punch             |       |       |     1 |     4 |    10 |     4 |       |       ||    19
         Quick blade       |       |       |       |       |       |   388 |   519 |   289 ||  1196
         Kick              |       |       |       |       |       |       |       |    16 ||    16
         Headbutt          |       |       |       |       |       |       |       |    15 ||    15
   Cast: Sandblast         |    57 |   100 |   101 |    56 |    89 |    29 |       |     2 ||   434
         Stone Arrow       |       |       |    68 |   202 |   250 |    35 |     5 |       ||   560
         Petrify           |       |       |       |    81 |   267 |   283 |   295 |    19 ||   945
         Lee's Rapid Decon |       |       |       |     9 |   101 |    35 |    60 |   112 ||   317
         Fulminant Prism   |       |       |       |     6 |    56 |    28 |     3 |       ||    93
         Searing Ray       |       |       |       |     4 |     1 |       |       |       ||     5
         Fireball          |       |       |       |       |    13 |   201 |    39 |    27 ||   280
         Iskenderun's Batt |       |       |       |       |     4 |       |       |       ||     4
         Iron Shot         |       |       |       |       |     3 |   356 |   555 |   384 ||  1298
         Blink             |       |       |       |       |     5 |    36 |    35 |     7 ||    83
         Yara's Violent Un |       |       |       |       |       |     2 |     2 |     6 ||    10
         Iskenderun's Myst |       |       |       |       |       |    13 |     2 |       ||    15
         Orb of Destructio |       |       |       |       |       |       |     9 |     1 ||    10
  Evoke: Wand              |       |       |       |     1 |     7 |    21 |     2 |    22 ||    53
         Lightning rod     |       |       |       |       |     4 |       |       |       ||     4
         Phantom mirror    |       |       |       |       |       |     2 |       |       ||     2
    Use: Scroll            |     3 |       |     3 |    15 |    34 |    32 |    10 |    10 ||   107
         Potion            |       |       |     1 |     3 |     7 |    13 |       |     2 ||    26
   Stab: Sleeping          |     8 |     9 |     2 |    12 |    20 |    32 |    38 |    14 ||   135
         Petrified         |       |       |       |    86 |   181 |   191 |   178 |    14 ||   650
         Petrifying        |       |       |       |    19 |    33 |    38 |    47 |     2 ||   139
         Distracted        |       |       |       |       |     1 |       |     1 |       ||     2
 Armour: Robe              |     3 |     4 |     2 |       |       |    36 |    34 |    31 ||   110
         Steam dragon scal |       |       |       |    19 |    12 |       |       |       ||    31
         Troll leather arm |       |       |       |       |    37 |    75 |       |       ||   112
  Dodge: Dodged            |    26 |    44 |    34 |   258 |   380 |   464 |   372 |   262 ||  1840
  Block: Other             |       |       |     6 |       |       |    21 |       |       ||    27
         Reflection        |       |       |     4 |       |       |     7 |    20 |       ||    31
         Buckler           |       |       |       |       |       |    10 |   136 |    95 ||   241
